 Dungeon Crawl Stone Soup version 0.23-a0-550-g7de1f8e (webtiles) character file.

22 Leeroy the Charmwright (level 2, 0/26 HPs)
             Began as a Gnoll Skald on Dec 9, 2018.
             Succumbed to an adder's poison
             ... on level 2 of the Dungeon.
             The game lasted 00:02:37 (673 turns).

Leeroy the Charmwright (Gnoll Skald)                 Turns: 673, Time: 00:02:37

Health: 0/26       AC: 14    Str: 13    XL:     2   Next: 91%
Magic:  7/7        EV:  7    Int: 15    God:
Gold:   82         SH:  0    Dex: 14    Spells: 5/10 levels left

rFire    . . .     SeeInvis .   a - +0 falchion
rCold    . . .     Gourm    .   (no shield)
rNeg     . . .     Faith    .   j - +3 chain mail
rPois    .         Spirit   .   (no helmet)
rElec    .         Reflect  .   (no cloak)
rCorr    .         Harm     .   c - +1 pair of gloves
MR       .....                  (no boots)
Stlth    ..........             (no amulet)
HPRegen  0.08/turn              (no ring)
MPRegen  0.10/turn              (no ring)

@: lethally poisoned (0 -> -3)
A: distributed training, fangs 1, strong nose
a: no special abilities


You were on level 2 of the Dungeon.
You were not hungry.

You visited 1 branch of the dungeon, and saw 2 of its levels.

You collected 82 gold pieces.

Inventory:

Hand Weapons
 a - a +0 falchion (weapon)
 e - a +0 short sword
 i - a +0 spear
 k - a +0 spear
Missiles
 f - 19 stones (quivered)
 m - 33 sling bullets
 n - 8 javelins
Armour
 b - a +0 leather armour
 c - a +1 pair of gloves (worn)
 j - a +3 chain mail (worn)
Jewellery
 o - a cursed ring of attention {unknown}
Scrolls
 p - a scroll of fear {unknown}
Potions
 g - a potion of curing {unknown}
 h - a potion of magic {unknown}
 l - 3 potions of lignification {unknown}
Comestibles
 d - 2 rations


   Skills:
 + Level 4.5 Fighting
 + Level 0.5 Short Blades
 + Level 4.5 Long Blades
 + Level 0.5 Axes
 + Level 0.5 Maces & Flails
 + Level 0.5 Polearms
 + Level 0.5 Staves
 + Level 0.5 Slings
 + Level 0.5 Bows
 + Level 0.5 Crossbows
 + Level 0.5 Throwing
 + Level 2.5 Armour
 + Level 4.5 Dodging
 + Level 0.5 Stealth
 + Level 0.5 Shields
 + Level 0.5 Unarmed Combat
 + Level 4.9 Spellcasting
 + Level 0.4 Conjurations
 + Level 0.4 Hexes
 + Level 5.4 Charms
 + Level 0.4 Summonings
 + Level 0.4 Necromancy
 + Level 0.4 Translocations
 + Level 0.4 Transmutations
 + Level 0.4 Fire Magic
 + Level 0.4 Ice Magic
 + Level 0.4 Air Magic
 + Level 0.4 Earth Magic
 + Level 0.4 Poison Magic
 + Level 0.7 Invocations
 + Level 0.5 Evocations


You had 5 spell levels left.
You knew the following spells:

 Your Spells              Type           Power        Failure   Level  Hunger
a - Infusion              Chrm           ###.         50%         1    None
b - Song of Slaying       Chrm           ###.....     63%         2    ##.....
c - Shroud of Golubria    Chrm/Tloc      ##........   93%         2    ##.....

Your spell library contained the following spells:

 Spells                   Type           Power        Failure   Level  Hunger
 Regeneration             Chrm/Necr      ##........   99%         3    ###....
 Spectral Weapon          Hex/Chrm       ##......     99%         3    ###....


Dungeon Overview and Level Annotations

Branches:
Dungeon (2/15)

Altars:


Innate Abilities, Weirdness & Mutations

Your experience applies equally to all skills.
You have very sharp teeth.
Your uncanny sense of smell can sniff out nearby items.


Message History

You are no longer poisoned.
There is a stone staircase leading down here.
The adder bites you but does no damage. The adder bites you but does no damage.
There is a stone staircase leading up here.
The adder bites you but does no damage.
Okay, then.
Casting: Infusion (safe; 50% risk of failure)
Confirm with . or Enter, or press ? or * to list all spells.
Okay, then.
The adder bites you.
* * * LOW HITPOINT WARNING * * *
Unknown command.
Found 11 stones.
The adder bites you but does no damage. The adder bites you.
* * * LOW HITPOINT WARNING * * *
You are lethally poisoned!
The adder poisons you!
You die...

#################
#....@.S........#
#.#############.#
∆ #.# #.# #<# #.#
#.# #.# ####.##


You could see an adder.

Vanquished Creatures
  2 leopard geckos (D:1)
  A giant cockroach (D:1)
  2 goblins (D:1)
  A hobgoblin (D:1)
  5 bats
  A frilled lizard (D:1)
  3 kobolds (D:1)
  5 rats (D:1)
20 creatures vanquished.

Notes
Turn   | Place    | Note
-------+----------+-------------------------------------------
     0 | D:1      | Leeroy the Gnoll Skald began the quest for the Orb.
     0 | D:1      | Reached XP level 1. HP: 20/20 MP: 6/6
   104 | D:1      | Reached XP level 2. HP: 23/26 MP: 7/7
   116 | D:1      | Learned a level 2 spell: Song of Slaying
   119 | D:1      | Learned a level 2 spell: Shroud of Golubria
   672 | D:2      | HP: 1/26 [adder (2)]
   673 | D:2      | Succumbed to an adder's poison

Vault maps used:
D:1:      dpeg_arrival_leaves_temple_mockup
D:2:      first_ration

Action                   || total
-------------------------++-------
Melee: Falchion          ||    52
       Bite              ||     4
  Use: Scroll            ||     1
Armor: Leather armour    ||     3
       Chain mail        ||    46
Dodge: Dodged            ||    40
       Rpst.: Falchion   ||    15

Table legend:
 A = Non-vault XP
 B = Vault XP
 C = Vault XP percentage of total XP
 D = Non-vault monster count
 E = Vault monster count
 F = Vault count percentage of total count
                 A         B        C        D         E       F
            +---------+---------+-------+---------+---------+-------
      Total |      32 |       0 |   0.0 |      20 |       0 |   0.0
            +---------+---------+-------+---------+---------+-------
        D:1 |      30 |       0 |   0.0 |      19 |       0 |   0.0
        D:2 |       2 |       0 |   0.0 |       1 |       0 |   0.0
            +---------+---------+-------+---------+---------+-------
